Map: Shrines of Lizul

Players

Leonidas

  • Race: Protoss Protoss
  • League: Diamond
  • Spawn Location: 12:00

BearTearer

  • Race: Protoss Protoss
  • Spawn Location: 3:00

MonstroTown

  • Race: Terran Terran
  • Spawn Location: 6:00

Michael

  • Race: Zerg Zerg
  • League: Gold
  • Spawn Location: 9:00

VOD

Have the link to the VOD?

Description

Time

  • Played on: Sept. 28, 2018, 7:52 p.m.
  • Length: 6:51
Show
View Real Time Build Order
Export as new Build Order

Leonidas Protoss 

Build Orders:  

Get SALT Encoding   

  12  0:06  Probe  
  13  0:18  Probe  
  14  0:22  Pylon  
  14  0:30  Probe  
  15  0:45  Gateway  
  15  0:48  Probe  
  15  0:50  Assimilator  
  16  0:57  Probe  
  17  1:16  Gateway  
  17  1:24  Probe  
  18  1:33  Pylon  
  18  1:37  Cybernetics Core  
  18  1:40  Zealot  
  18  1:42  Probe  
  21  1:54  Probe  
  22  2:04  Warp Gate  
  22  2:05  Zealot  
  22  2:06  Probe  
  25  2:22  Zealot  
  27  2:27  Twilight Council  
  27  2:31  Probe  
  27  2:32  Zealot  
  30  2:39  Gateway  
  30  2:47  Probe  
  31  2:52  Charge  
  31  3:02  Pylon x2  
  31  3:20  Probe  
  32  3:32  Probe  
  33  3:37  Zealot  
  39  3:42  Pylon x2  
  39  4:09  Pylon  
  35  4:16  Zealot  
  37  4:17  Zealot x2  
  41  4:33  Pylon  
  41  4:41  Zealot  
  41  4:42  Zealot x2  
  47  4:51  Nexus  
  47  4:53  Pylon  
  48  5:00  Probe  
  48  5:08  Zealot x3  
  52  5:36  Zealot  
  52  5:37  Zealot x2  
  52  5:59  Zealot x3  
  50  6:25  Zealot x3  
  48  6:34  Probe x2  
Show
View Real Time Build Order
Export as new Build Order

BearTearer Protoss 

Build Orders: Oracle Opening 

Get SALT Encoding   

  12  0:01  Probe  
  13  0:13  Probe  
  14  0:18  Pylon  
  14  0:25  Probe  
  15  0:37  Probe  
  15  0:40  Gateway  
  16  0:45  Probe  
  17  0:53  Probe  
  17  1:01  Assimilator  
  17  1:03  Probe  
  18  1:07  Pylon  
  19  1:15  Probe  
  20  1:24  Probe  
  20  1:27  Cybernetics Core  
  20  1:29  Assimilator  
  20  1:32  Probe  
  21  1:36  Zealot  
  24  1:42  Probe  
  26  1:54  Warp Gate, Probe  
  26  1:57  Pylon  
  26  2:06  Probe  
  27  2:11  Pylon  
  27  2:17  Stargate  
  27  2:19  Probe  
  28  2:27  Gateway  
  28  2:32  Probe  
  29  2:38  Stalker  
  31  3:00  Oracle  
  34  3:06  Probe  
  35  3:15  Nexus  
  35  3:30  Pylon  
  35  3:36  Probe  
  35  3:38  Void Ray  
  40  3:45  Pylon  
  42  3:52  Probe  
  41  4:05  Gateway  
  41  4:07  Pylon  
  41  4:08  Stalker  
  41  4:09  Sentry  
  45  4:15  Probe  
  46  4:17  Pylon  
  46  4:28  Void Ray  
  46  4:29  Probe  
  50  4:31  Probe  
  50  4:38  Probe  
  52  4:43  Probe  
  54  5:14  Probe x2  
  56  5:45  Gateway  
  56  5:49  Gateway  
  56  5:51  Shield Battery, Pylon  
  56  5:54  Probe  
  56  5:55  Probe  
  56  5:56  Gateway  
  58  5:58  Pylon  
  58  6:03  Nexus  
  58  6:07  Probe, Stalker x2, Pylon  
  58  6:08  Sentry  
  65  6:16  Fleet Beacon  
Show
View Real Time Build Order
Export as new Build Order

MonstroTown Terran 

Build Orders:  

Get SALT Encoding   

  12  0:01  SCV  
  13  0:13  SCV  
  14  0:18  Supply Depot  
  14  0:25  SCV  
  15  0:40  SCV  
  15  0:42  Barracks  
  16  0:52  SCV  
  16  0:56  Barracks  
  17  1:09  SCV  
  18  1:13  Barracks  
  18  1:21  SCV  
  19  1:29  Marine  
  19  1:31  Supply Depot  
  20  1:36  SCV  
  21  1:43  Refinery  
  21  1:44  Marine  
  22  1:53  Marine  
  24  2:00  Orbital Command  
  23  2:02  Marine  
  24  2:11  Marine  
  24  2:12  Supply Depot  
  25  2:34  Marine x2  
  25  2:35  Marine  
  28  2:52  Marine x2  
  28  2:57  Marine  
  30  3:09  SCV  
  30  3:10  Marine  
  32  3:20  Supply Depot  
  32  3:21  Command Center  
  32  3:36  Bunker  
  32  3:41  Marine  
  32  3:42  Marine  
  32  3:45  Bunker  
  34  3:49  Marine  
  34  3:53  Supply Depot  
  35  4:15  Bunker  
  35  4:22  Marine x2  
  35  4:23  Marine  
  35  4:24  Supply Depot  
  38  4:28  Factory, Refinery  
  38  4:41  SCV  
  38  4:42  Barracks Tech Lab  
  38  4:44  Barracks Reactor  
  37  5:13  Engineering Bay  
  37  5:14  Widow Mine  
  37  5:16  Marine  
  32  5:55  Marine x2  
  19  6:01  Marine  
  19  6:05  Factory Tech Lab  
  19  6:09  SCV  
  19  6:10  SCV  
  23  6:15  Marine  
  24  6:18  Marine  
  24  6:22  Marauder  
Show
View Real Time Build Order
Export as new Build Order

Michael Zerg 

Build Orders: Pool First 

Get SALT Encoding   

  12  0:01  Drone  
  13  0:12  Overlord  
  13  0:18  Drone  
  14  0:31  Drone x2  
  14  0:34  Drone  
  17  0:36  Extractor  
  16  0:45  Drone  
  17  0:53  Spawning Pool  
  17  0:56  Drone  
  17  1:10  Drone  
  18  1:25  Hatchery  
  18  1:29  Drone  
  18  1:41  Queen  
  20  1:50  Metabolic Boost  
  20  1:53  Zergling x2  
  21  1:58  Drone  
  22  2:04  Overlord  
  22  2:13  Evolution Chamber  
  22  2:14  Drone  
  22  2:26  Queen  
  24  2:31  Drone  
  24  2:33  Drone  
  26  2:47  Roach Warren  
  25  2:54  Zerg Ground Armor Level 1  
  25  3:04  Queen  
  27  3:09  Drone  
  27  3:11  Drone  
  29  3:14  Drone  
  30  3:24  Lair  
  29  3:35  Extractor  
  28  3:53  Roach  
  28  3:54  Roach x2  
  36  3:55  Roach  
  36  3:56  Overlord  
  36  3:57  Overlord  
  36  4:14  Overlord  
  36  4:16  Drone x5  
  41  4:18  Drone  
  42  4:33  Queen  
  42  4:35  Glial Reconstitution  
  44  4:42  Drone x3  
  47  4:46  Drone x2  
  47  4:47  Drone  
  47  4:48  Drone  
  47  4:51  Drone  
  52  4:55  Extractor x2  
  52  4:56  Drone  
  51  5:04  Burrow  
  51  5:10  Spore Crawler  
  51  5:12  Spore Crawler  
  41  5:40  Roach x3  
  48  5:42  Zergling x2  
  48  5:43  Zergling x16  
  54  5:55  Roach x2  
  58  6:05  Roach  
  41  6:26  Roach x6  
  51  6:33  Zergling x2  
Tags
 
Add a new tag
Caveats
  • Supply blocks, unpowered buildings, or Contaminate may cause inaccurate times.
  • Supply counts are checked every 10 seconds.